 Dungeon Crawl Stone Soup version 0.17-a0-1632-g0af21bd (console) character file.

4 Monkaria the Conjurer (level 1, 0/7 HPs)
             Began as a Felid Conjurer on Aug 3, 2015.
             Slain by a giant gecko (3 damage)
             ... on level 1 of the Dungeon.
             The game lasted 00:01:51 (190 turns).

Monkaria the Conjurer (Felid Conjurer)               Turns: 190, Time: 00:01:51

Health: 0/7        AC:  1    Str:  4    XL:     1   Next: 50%
Magic:  2/4        EV: 18    Int: 16    God:
Gold:   12         SH:  0    Dex: 16    Spells: 1 memorised, 3 levels left
                                        Lives:  0   Deaths: 0

rFire  . . .     SeeInvis +     (weapon unavailable)
rCold  . . .     Clarity  .     (armour unavailable)
rNeg   . . .     SustAt   .     (shield unavailable)
rPois  .         Gourm    .     (helmet unavailable)
rElec  .         Spirit   .     (cloak unavailable)
rCorr  .         Warding  .     (gloves unavailable)
rMut   .         Stasis   .     (boots unavailable)
MR     .....                    (no amulet)
Stlth  +++.......               (no ring)
                                (no ring)

@: quick, not resistant to hostile enchantments, fairly stealthy
A: no armour, no weapons or thrown items, claws 1, fangs 3, see invisible,
carnivore 3, speed 1, shaggy fur 1, slow metabolism 1, sharp paws
a: no special abilities


You were on level 1 of the Dungeon.
You were not hungry.

You visited 1 branch of the dungeon, and saw 1 of its levels.

You collected 12 gold pieces.

Inventory:

Scrolls
 e - a scroll of random uselessness {unknown}
Potions
 c - a potion of resistance {unknown}
 d - a potion of heal wounds {unknown}
Books
 a - a book of Conjurations

   Spells                             Type                      Level
   a - Magic Dart                     Conjuration                  1
   b - Searing Ray                    Conjuration                  2
   c - Dazzling Spray                 Conjuration/Hexes            3
   d - Fulminant Prism                Conjuration/Hexes            4
   e - Iskenderun's Mystic Blast      Conjuration                  4
   f - Iskenderun's Battlesphere      Conjuration/Charms           5
Comestibles
 b - a meat ration


   Skills:
 - Level 3.2 Dodging
 - Level 2.6 Stealth
 + Level 2.0 Spellcasting
 - Level 3.6 Conjurations


You had 3 spell levels left.
You knew the following spells:

 Your Spells              Type           Power        Failure   Level  Hunger
a - Magic Dart            Conj           ##..         6%          1    #......


Dungeon Overview and Level Annotations

Branches:
Dungeon (1/15)

Altars:


Innate Abilities, Weirdness & Mutations

You cannot wear armour.
You are incapable of wielding weapons or throwing items.
You have sharp claws.
You have razor-sharp teeth.
You have supernaturally acute eyesight.
You are carnivorous and can eat meat at any time.
You cover ground quickly.
You are covered in fur (AC +1).
You have a slow metabolism.
Your sharp claws are effective at attacking unaware monsters.


Message History

The magic dart hits the giant gecko.
The giant gecko is severely wounded.
You closely miss the giant gecko.
The giant gecko is severely wounded.
The giant gecko bites you.
You closely miss the giant gecko.
The giant gecko is severely wounded.
The giant gecko bites you.
You closely miss the giant gecko.
The giant gecko is severely wounded.
The giant gecko barely misses you.
The giant gecko hisses menacingly.
The giant gecko barely misses you.
There is a large open door here.
There is a large open door here.
The giant gecko hisses menacingly.
Your magical contamination has completely faded away.
The giant gecko closely misses you. The giant gecko bites you.
You die...

#.......''....# #.........
#.......##....# #.........
#.......##....# #..##+####
#........[....# #..#......
######........# #..'......
#.. #........# #..#......
#... #........###..#...<..
#...####..l......##..#......
#..........@.........#......
#..............####..#......
##............# #..#######
#.......(....# #.........
#............# #.........
#............########.####
#..............######.#
#............#........#
#†(..........##########


You could see a giant gecko.

Vanquished Creatures
  A bat (D:1)
  A giant cockroach (D:1)
  A kobold (D:1)
3 creatures vanquished.

Notes
Turn   | Place    | Note
--------------------------------------------------------------
     0 | D:1      | Monkaria the Felid Conjurer began the quest for the Orb.
     0 | D:1      | Reached XP level 1. HP: 7/7 MP: 4/4
   190 | D:1      | Slain by a giant gecko

Vault maps used:
D:1:      lemuel_arrival_room

Action                   || total
-------------------------++-------
Melee: Unarmed           ||    11
 Cast: Magic Dart        ||     6
